Map: Dusk Towers

Players

Olympian - Winner!

  • Race: Terran Terran
  • League: Platinum

Taimoor

  • Race: Protoss Protoss
  • League: Platinum

VOD

Have the link to the VOD?

Description

Time

  • Played on: Dec. 5, 2015, 10:08 a.m.
  • Length: 23:59
Show
View Real Time Build Order
Export as new Build Order

Olympian Terran - Winner!

Build Orders: Reaper Expand, MMM Bio 

Get SALT Encoding   

  12  0:00  SCV  
  13  0:12  SCV  
  14  0:17  Supply Depot  
  14  0:25  SCV  
  15  0:29  Refinery  
  15  0:39  SCV  
  16  0:45  Barracks  
  16  0:51  SCV  
  17  1:03  SCV  
  18  1:15  SCV  
  19  1:18  Refinery  
  19  1:39  Orbital Command  
  19  1:40  Reaper  
  19  1:43  Supply Depot  
  20  2:15  Command Center  
  20  2:28  Barracks Tech Lab  
  20  2:36  Factory  
  20  2:42  SCV  
  21  2:46  Bunker  
  21  2:54  SCV  
  22  3:06  SCV  
  22  3:08  Barracks Tech Lab  
  23  3:19  SCV  
  23  3:23  Engineering Bay  
  23  3:29  Starport  
  23  3:31  SCV  
  23  3:32  Cyclone  
  27  3:43  Orbital Command  
  27  3:52  SCV  
  28  3:56  Barracks Tech Lab  
  28  4:11  Banshee  
  28  4:12  Cloaking Field  
  31  4:18  Supply Depot  
  31  4:20  Marauder  
  33  4:25  SCV  
  34  4:33  Siege Tank  
  34  4:36  Engineering Bay  
  37  4:40  Liberator  
  37  4:42  Stimpack  
  37  4:44  Supply Depot  
  37  4:45  SCV, Missile Turret  
  38  4:49  SCV  
  38  4:52  Marine  
  39  4:57  SCV  
  44  5:02  Missile Turret  
  44  5:10  SCV  
  44  5:11  SCV  
  46  5:16  Missile Turret x2  
  46  5:23  SCV x2  
  46  5:24  Barracks  
  48  5:35  SCV x2  
  50  5:48  SCV x2  
  50  5:49  Marauder  
  54  6:00  SCV  
  55  6:11  Marauder  
  57  6:20  SCV x2  
  57  6:21  Medivac  
  61  6:32  SCV  
  62  6:41  Barracks Tech Lab  
  62  6:45  Terran Infantry Weapons Level 1, Barracks  
  62  6:50  Supply Depot  
  62  6:53  Supply Depot  
  62  6:54  Refinery  
  62  6:55  Refinery  
  62  7:00  Supply Depot  
  62  7:01  Supply Depot x2  
  62  7:03  High Capacity Fuel Tanks  
  62  7:08  Command Center  
  62  7:12  SCV x2, Marauder, Medivac  
  68  7:24  SCV x2  
  67  7:34  Marauder  
  67  7:36  SCV x2, Siege Tank  
  74  7:42  Medivac  
  74  7:43  Barracks Tech Lab  
  76  7:48  SCV x2  
  78  7:55  Marine  
  79  8:00  SCV x2  
  78  8:06  Combat Shields, Concussive Shells  
  78  8:08  Siege Tank, Marine x2  
  78  8:12  Marine  
  83  8:13  SCV x2  
  83  8:15  Supply Depot  
  86  8:25  SCV x2  
  86  8:26  Marine x2  
  90  8:27  Command Center  
  90  8:30  Marine  
  91  8:37  SCV x2  
  93  8:44  Marauder, Marine  
  93  8:47  Terran Infantry Armor Level 1  
  93  8:48  Marine  
  97  9:01  Marine  
  98  9:06  Marauder  
  98  9:07  Banshee  
  98  9:09  Siege Tank  
  106  9:12  Supply Depot  
  106  9:16  Armory  
  106  9:20  Armory  
  106  9:21  Supply Depot, Planetary Fortress  
  106  9:24  Marauder, Marine  
  107  9:26  Marine  
  110  9:41  Marine  
  110  9:44  Marine  
  107  9:46  Marauder  
  109  9:59  Marine  
  100  10:02  Marine  
  100  10:04  Planetary Fortress  
  100  10:07  Marine  
  101  10:08  Refinery  
  101  10:10  Missile Turret  
  101  10:11  Missile Turret  
  101  10:13  Refinery  
  102  10:15  Terran Infantry Weapons Level 2  
  102  10:17  Marine  
  102  10:20  Marine, Terran Vehicle Weapons Level 1  
  104  10:21  Armory  
  104  10:23  Supply Depot  
  104  10:24  Marine  
  105  10:31  Barracks  
  105  10:32  Barracks  
  105  10:35  Marine  
  106  10:37  Factory  
  106  10:38  Marine  
  109  10:43  Marauder  
  109  10:53  Marine  
  109  10:54  Command Center  
  109  10:56  Marauder  
  112  11:04  Marine  
  113  11:10  Marine  
  114  11:17  Marauder  
  116  11:21  Marine  
  114  11:29  Marauder  
  116  11:38  Marine  
  119  11:40  Marauder  
  109  11:49  Medivac  
  109  11:50  Marine  
  109  11:52  Barracks Tech Lab  
  109  11:53  Factory Tech Lab, Barracks Tech Lab  
  112  11:57  Starport, Marauder  
  112  12:00  Starport  
  112  12:01  Marine  
  115  12:02  Supply Depot  
  115  12:03  Siege Tank  
  115  12:06  Planetary Fortress  
  115  12:07  Marine  
  119  12:11  Command Center  
  119  12:13  Marine  
  119  12:14  SCV x2, Marauder  
  124  12:18  Marine, Marauder  
  127  12:26  SCV x2, Marauder  
  127  12:27  Medivac  
  133  12:31  Marine  
  133  12:35  Siege Tank, Marauder  
  133  12:36  Marine  
  140  12:37  Supply Depot  
  140  12:38  SCV  
  140  12:39  SCV, Marine  
  140  12:40  Fusion Core, Starport Tech Lab  
  140  12:41  Terran Vehicle Weapons Level 2, Starport Tech Lab  
  140  12:42  Terran Vehicle And Ship Armor Level 1  
  140  12:44  Terran Ship Weapons Level 1  
  143  12:47  Marauder  
  143  12:49  Marine  
  143  12:51  SCV, Refinery  
  147  12:52  Refinery  
  147  12:54  Missile Turret  
  147  12:55  Marauder  
  147  12:56  Medivac, Marine  
  147  12:57  Marauder  
  154  13:00  Missile Turret  
  148  13:07  Marine  
  148  13:08  Marine  
  140  13:15  Marine, Marauder  
  140  13:19  Marauder  
  133  13:25  Marine  
  133  13:26  Marauder, Medivac  
  138  13:33  Marine  
  131  13:47  Marauder, Marine x2  
  131  13:48  Marauder  
  137  13:51  Marine  
  138  14:00  Command Center  
  138  14:02  Supply Depot  
  138  14:05  Marauder, Marine  
  138  14:09  Marauder, Marine x2  
  145  14:16  Command Center  
  145  14:23  Marauder  
  131  14:26  Marine  
  131  14:27  Marauder, Marine  
  131  14:30  Marauder  
  137  14:33  SCV x2  
  139  14:44  Marine x2  
  139  14:45  SCV x2, Marauder  
  142  14:48  Marine  
  142  14:51  Marine  
  144  14:57  SCV x2  
  146  15:02  Marine, Marauder  
  146  15:06  Banshee x2, Marauder, Marine  
  146  15:07  Banshee  
  158  15:09  SCV x2, Marauder  
  165  15:15  Planetary Fortress  
  165  15:20  Marine  
  167  15:21  SCV x2  
  167  15:23  Marine  
  167  15:24  Marauder  
  167  15:27  Marauder  
  173  15:29  Missile Turret  
  173  15:30  Marine  
  173  15:33  SCV, Missile Turret  
  175  15:38  Marauder  
  175  15:41  Marine  
  178  15:44  Missile Turret  
  178  15:45  Marauder  
  178  15:48  Marine  
  178  15:49  Marauder  
  183  15:50  Planetary Fortress  
  183  15:53  SCV x2  
  185  15:59  Marine x2  
  187  16:05  SCV x2  
  187  16:06  Marauder, Marine  
  187  16:10  Marine  
  193  16:17  SCV, Marine  
  193  16:18  Marauder  
  197  16:24  Marine  
  198  16:28  Marauder  
  196  16:59  Marine x3  
  196  17:00  Marauder x2  
  179  17:17  Marauder, Marine  
  179  17:18  Marauder  
  179  17:20  Marine  
  179  17:21  Marauder  
  183  17:35  Marine  
  173  17:38  Marine  
  173  17:39  Marauder x2  
  173  17:40  SCV x2  
  173  17:42  Marine  
  165  17:48  Siege Tank  
  166  17:52  SCV, Siege Tank  
  166  17:53  SCV, Marauder  
  166  17:56  Marine  
  174  17:59  Medivac x2  
  174  18:00  Marauder x2, Marine  
  174  18:04  SCV  
  174  18:05  SCV  
  182  18:14  Marauder, Marine  
  182  18:17  SCV x2  
  182  18:18  Marine  
  186  18:20  Siege Tank  
  186  18:21  Marine  
  186  18:22  Marauder  
  186  18:24  Siege Tank  
  193  18:29  SCV x2  
  193  18:32  Marine  
  196  18:35  Marine  
  196  18:36  Marauder  
  196  18:39  Marauder  
  194  18:43  Marine  
  188  18:50  Marauder  
  188  18:53  Siege Tank, Marine  
  194  18:56  Siege Tank  
  194  18:57  Marine  
  194  19:01  Marauder  
  200  19:14  Orbital Command  
  200  19:17  Marine  
  200  19:18  Marauder  
  200  19:21  Marine  
  192  19:39  Marine  
  169  19:57  Marine  
  167  20:01  Marine  
  167  20:02  Marauder x2, Marine  
  161  20:08  SCV x2  
  163  20:14  Terran Infantry Weapons Level 3, Terran Infantry Armor Level 2  
  163  20:15  Marine  
  163  20:19  Marine  
  163  20:20  SCV, Marauder  
  168  20:21  Refinery  
  168  20:23  Marauder, Marine, Refinery, Medivac x3  
  164  20:33  Marauder  
  166  20:37  Marine  
  166  20:41  Marauder, Marine  
  170  20:45  Marauder  
  170  20:49  SCV x2  
  174  20:51  Siege Tank x2  
  174  20:53  Medivac x3  
  174  20:54  Marine  
  174  20:56  Marauder  
  184  20:59  Marine  
  184  21:01  SCV x2  
  184  21:02  Marauder  
  187  21:06  Marine  
  170  21:12  Marauder  
  170  21:13  SCV  
  170  21:14  SCV  
  170  21:16  Marine x2  
  166  21:23  Marine, Siege Tank x2, Medivac x3  
  166  21:24  Marauder  
  181  21:25  SCV  
  181  21:26  SCV  
  175  21:34  Marine, Marauder  
  175  21:35  Marauder  
  175  21:38  SCV x2  
  168  21:41  Marine  
  168  21:45  Marauder  
  164  21:52  Marine  
  164  21:53  Medivac  
  167  21:55  Siege Tank x2, Marauder  
  167  21:56  Marine  
  167  21:59  Marine  
  176  22:07  Marauder  
  178  22:10  Marine  
  178  22:13  Marine  
  180  22:17  Marine, Marauder  
  179  22:26  Medivac  
  179  22:27  Siege Tank x2, Medivac x2  
  179  22:28  Marauder x2  
  195  22:31  Marine  
  195  22:35  Marauder  
  198  22:38  Marauder  
  200  22:47  Command Center  
Show
View Real Time Build Order
Export as new Build Order

Taimoor Protoss 

Build Orders:  

Get SALT Encoding   

  12  0:00  Probe (Chrono Boost)  
  13  0:11  Probe (Chrono Boost)  
  14  0:19  Pylon  
  14  0:22  Probe (Chrono Boost)  
  15  0:37  Probe (Chrono Boost)  
  15  0:38  Gateway  
  16  0:48  Probe (Chrono Boost)  
  16  0:49  Assimilator  
  17  0:58  Probe (Chrono Boost)  
  18  1:09  Probe (Chrono Boost)  
  18  1:10  Pylon  
  19  1:19  Probe (Chrono Boost)  
  20  1:32  Probe (Chrono Boost)  
  21  1:34  Cybernetics Core  
  21  1:45  Probe (Chrono Boost)  
  22  1:56  Nexus  
  22  1:58  Probe (Chrono Boost)  
  23  2:02  Assimilator  
  23  2:09  Probe (Chrono Boost)  
  23  2:11  Warp Gate  
  24  2:20  Mothership Core (Chrono Boost)  
  25  2:30  Pylon  
  25  2:38  Probe (Chrono Boost)  
  25  2:41  Adept  
  25  2:43  Pylon  
  28  2:49  Probe (Chrono Boost)  
  28  2:50  Robotics Facility  
  29  2:59  Probe (Chrono Boost)  
  29  3:00  Pylon  
  30  3:08  Adept  
  32  3:19  Probe (Chrono Boost)  
  33  3:20  Probe (Chrono Boost)  
  34  3:30  Probe (Chrono Boost)  
  34  3:32  Probe (Chrono Boost)  
  36  3:35  Adept  
  36  3:40  Probe (Chrono Boost)  
  39  3:41  Probe (Chrono Boost)  
  39  3:42  Immortal (Chrono Boost)  
  44  3:51  Probe  
  44  3:52  Probe  
  46  3:58  Pylon  
  46  4:02  Probe  
  46  4:04  Probe  
  48  4:12  Gateway, Probe  
  48  4:14  Gateway  
  48  4:16  Probe  
  50  4:20  Observer (Chrono Boost)  
  50  4:21  Adept  
  50  4:23  Probe  
  52  4:30  Probe  
  54  4:33  Pylon  
  54  4:34  Probe  
  55  4:42  Twilight Council  
  55  4:43  Pylon  
  55  4:45  Probe x2  
  56  4:51  Pylon  
  57  4:54  Immortal (Chrono Boost)  
  57  4:55  Probe  
  62  5:06  Adept  
  64  5:09  Adept x2  
  68  5:15  Probe x2  
  68  5:18  Blink  
  68  5:20  Assimilator  
  70  5:25  Assimilator  
  71  5:28  Observer (Chrono Boost)  
  71  5:29  Stalker  
  71  5:30  Stalker x2  
  71  5:33  Probe  
  76  5:49  Observer (Chrono Boost)  
  70  6:07  Stalker x2  
  72  6:22  Probe  
  72  6:24  Adept  
  68  6:41  Probe, Pylon  
  68  6:42  Stalker  
  71  6:48  Probe  
  71  6:54  Probe  
  73  6:58  Gateway  
  73  6:59  Probe, Gateway  
  74  7:04  Forge  
  74  7:06  Probe  
  75  7:12  Probe  
  76  7:18  Probe  
  74  7:23  Probe  
  74  7:25  Nexus  
  74  7:30  Probe  
  74  7:33  Probe  
  76  7:42  Probe  
  77  7:47  Probe  
  78  7:53  Photon Cannon  
  78  7:54  Probe  
  78  7:56  Photon Cannon  
  77  8:00  Photon Cannon  
  77  8:03  Stalker x3, Pylon  
  83  8:06  Pylon  
  83  8:08  Protoss Ground Weapons Level 1  
  83  8:15  Pylon  
  83  8:26  Photon Cannon  
  83  8:28  Photon Cannon  
  83  8:30  Probe  
  83  8:31  Probe  
  83  8:32  Photon Cannon  
  85  8:40  Probe  
  85  8:47  Stalker x3  
  92  8:50  Probe  
  93  9:03  Templar Archives  
  93  9:04  Probe  
  93  9:05  Probe, Pylon  
  93  9:06  Probe  
  96  9:13  Observer (Chrono Boost)  
  96  9:15  Probe x2  
  99  9:18  Probe  
  100  9:25  Probe  
  100  9:26  Probe  
  100  9:30  Probe  
  103  9:34  Pylon  
  103  9:36  Probe x2  
  105  9:50  Stalker  
  105  9:51  Stalker x3  
  99  10:02  Stalker, Probe x2  
  99  10:03  Probe  
  104  10:12  Probe x2, Protoss Ground Weapons Level 2 (Chrono Boost)  
  105  10:14  Gateway  
  105  10:15  Probe  
  105  10:16  Gateway  
  105  10:18  Observer (Chrono Boost)  
  108  10:21  High Templar x3  
  108  10:22  High Templar  
  108  10:25  Archon  
  108  10:27  Probe x2  
  117  10:28  Probe  
  117  10:33  Archon  
  119  10:37  Probe x2  
  119  10:40  Probe  
  122  10:46  Pylon  
  122  10:48  Probe x2  
  124  10:50  Pylon  
  124  10:52  Probe  
  124  10:53  Observer (Chrono Boost)  
  126  10:58  Probe  
  126  10:59  High Templar x2  
  126  11:00  High Templar x2  
  135  11:05  Assimilator  
  135  11:10  Assimilator  
  135  11:13  Archon  
  135  11:14  Archon  
  134  11:34  Stalker x3  
  134  11:35  Stalker  
  138  11:46  Probe  
  134  11:47  Probe x2  
  137  11:56  Probe  
  137  11:59  Probe x2  
  140  12:04  High Templar x2  
  140  12:05  High Templar  
  140  12:07  Probe  
  146  12:08  Archon  
  146  12:11  Probe  
  148  12:20  High Templar  
  148  12:21  Probe  
  150  12:28  Protoss Ground Armor Level 1 (Chrono Boost)  
  151  12:32  Archon  
  151  12:33  Zealot x3  
  157  12:38  Zealot x2  
  157  12:39  Zealot  
  163  12:44  Nexus  
  163  12:45  Probe  
  163  12:46  Probe  
  163  12:47  Pylon  
  163  12:48  Pylon  
  163  12:49  Pylon  
  163  12:50  Pylon  
  165  12:53  Pylon  
  165  12:55  Probe  
  165  12:56  Photon Cannon  
  166  12:58  Photon Cannon  
  166  13:03  Pylon, Photon Cannon  
  158  13:07  Photon Cannon  
  144  13:14  Photon Cannon  
  144  13:18  Pylon  
  144  13:19  High Templar x5  
  124  13:26  Archon x2  
  115  13:28  Zealot  
  111  13:34  High Templar  
  101  13:45  Probe  
  102  13:51  Photon Cannon  
  102  13:54  Photon Cannon  
  102  13:58  Photon Cannon  
  102  14:00  Photon Cannon x2  
  102  14:01  Photon Cannon  
  102  14:03  High Templar x4  
  102  14:04  Photon Cannon  
  102  14:07  Archon x2  
  109  14:22  Stalker x3  
  107  14:43  High Templar x3  
  114  14:49  Assimilator  
  114  14:50  Assimilator  
  113  14:55  High Templar  
  113  14:56  Archon  
  113  14:57  Archon  
  115  15:01  Archon  
  115  15:02  Zealot x3  
  115  15:06  Pylon  
  121  15:07  Protoss Ground Armor Level 2 (Chrono Boost), Pylon  
  121  15:20  Zealot  
  121  15:21  Pylon, Zealot x2  
  127  15:23  Zealot x3  
  133  15:28  Gateway  
  133  15:30  Gateway, Observer (Chrono Boost)  
  134  15:37  Zealot  
  136  15:45  Zealot x5  
  136  15:46  Zealot  
  148  15:58  Photon Cannon  
  148  15:59  Nexus  
  148  16:00  Observer (Chrono Boost), Pylon, Photon Cannon  
  148  16:02  Pylon  
  149  16:04  Pylon  
  149  16:06  Pylon, High Templar x5  
  149  16:10  Archon x2  
  159  16:12  High Templar  
  159  16:15  Photon Cannon  
  159  16:16  Archon  
  161  16:27  Photon Cannon  
  161  16:28  High Templar  
  161  16:29  High Templar  
  165  16:33  Zealot  
  165  16:35  Archon  
  165  16:38  Zealot x2  
  165  16:39  Zealot x3  
  178  16:47  Observer  
  178  16:57  Zealot x2  
  178  17:03  Zealot x3  
  172  17:15  Zealot x3  
  175  17:16  Zealot  
  176  17:24  Probe  
  176  17:25  Pylon  
  176  17:26  Probe, Pylon  
  178  17:37  Zealot x5  
  180  17:38  Zealot  
  190  17:46  Pylon  
  190  17:54  Zealot  
  190  17:57  High Templar x2  
  190  17:58  High Templar x2  
  200  18:02  Nexus  
  200  18:03  Pylon, Archon x2  
  180  18:45  Zealot x3  
  180  18:46  Zealot x3  
  191  18:48  Nexus  
  191  18:51  Pylon  
  191  18:52  Observer  
  191  18:55  Probe x2, Pylon  
  192  18:56  Probe  
  192  18:58  Pylon  
  193  19:06  Pylon  
  193  19:08  Pylon  
  193  19:14  Observer  
  194  19:22  Zealot x3  
  189  19:49  Zealot x2  
  189  19:50  Zealot x3  
  195  20:14  High Templar  
  197  20:32  Zealot  
  199  20:38  Pylon  
  199  20:40  Pylon  
  197  20:43  Pylon  
  197  20:45  Zealot x2  
  156  21:14  Zealot x2  
  156  21:15  Zealot x3  
  118  21:27  Probe  
  118  21:28  Probe  
  118  21:29  Probe  
  108  21:41  High Templar  
  108  21:42  High Templar x4  
  118  21:51  Archon  
  118  21:52  Archon x2  
  114  21:54  Probe  
  114  21:55  Probe x2  
  114  21:56  Probe  
  112  22:11  Photon Cannon  
  112  22:13  Photon Cannon  
  112  22:15  Photon Cannon x2, Assimilator  
  112  22:17  Assimilator  
  112  22:20  High Templar x5  
  122  22:23  Probe x2  
  122  22:25  Assimilator  
  124  22:33  Gateway  
  124  22:35  Gateway  
  124  22:40  Archon x2  
  123  22:51  Pylon, High Templar x2  
  123  22:52  High Templar  
  123  22:56  Archon  
  123  22:58  Archon, High Templar x2  
  133  23:11  Photon Cannon  
  133  23:14  Probe, Pylon  
  133  23:15  Probe  
  133  23:16  Probe  
  133  23:19  Archon  
  136  23:21  High Templar x2  
  136  23:25  Archon  
  140  23:32  Zealot  
  140  23:33  Zealot x2  
  146  23:46  Zealot  
  146  23:47  High Templar  
  114  23:51  Zealot x2  
Tags
 
Add a new tag
Caveats
  • Supply blocks, unpowered buildings, or Contaminate may cause inaccurate times.
  • Supply counts are checked every 10 seconds.